[Event "Team 45 45 League T92"]
[Site "Internet Chess Club"]
[Date "2022.04.15"]
[Round "1"]
[White "Kingofknights"]
[Black "fireball"]
[Result "0-1"]
[WhiteElo "1512"]
[BlackElo "1623"]
[Opening "Queen's Indian accelerated"]
[ECO "A50"]
[Time "11:34:51"]
[PlyCount "104"]
[TimeControl "2700+45"]

1. d4 Nf6 2. c4 b6 3. Nc3 Bb7 4. f3 e6 5. e4 d5 6. cxd5 exd5 7. e5 Nfd7 8. Bf4
c5 9. e6 fxe6 10. Nb5 Na6 11. Rc1 c4 12. Bd6 Bc6 13. Bxf8 Nxf8 14. Nc3 b5 15.
Nh3 Ng6 16. Qd2 O-O 17. Be2 b4 18. Nd1 Qf6 19. O-O Nf4 20. Ndf2 Bb5 21. Nxf4
Qxf4 22. Qxf4 Rxf4 23. Rfd1 Nc7 24. g3 Rff8 25. Ng4 a5 26. Ne5 a4 27. Kf2 Rfc8
28. Ke3 Ne8 29. f4 Nd6 30. g4 a3 31. b3 cxb3 32. axb3 Rxc1 33. Rxc1 Bxe2 34.
Kxe2 a2 35. Ra1 Nb5 36. Kd3 Ra6 37. Nf3 Nc3 38. Ne5 Ra3 39. Kc2 Ne2 40. Nc6 Nxf4
41. Nxb4 Ne2 42. Kb2 Ra8 43. Nc2 Rf8 44. Rxa2 Rf2 45. b4 Nxd4 46. Kc3 Rxc2+ 47.
Rxc2 Nxc2 48. Kxc2 Kf7 49. Kd3 Ke7 50. Kd4 Kd6 51. h4 e5+ 52. Kd3 Kc6 {White
resigns} 0-1

[Event "Team 45 45 League T92"]
[Site "Internet Chess Club"]
[Date "2022.04.17"]
[Round "1"]
[White "ChessG2011"]
[Black "Signofthetimes"]
[Result "1-0"]
[WhiteElo "1540"]
[BlackElo "1495"]
[Opening "Caro-Kann defense"]
[ECO "B15"]
[Time "22:04:37"]
[PlyCount "83"]
[TimeControl "2700+45"]

1. e4 c6 2. d4 d5 3. Nc3 a6 4. Nf3 dxe4 5. Nxe4 Bg4 6. Be2 Nd7 7. Be3 Ngf6 8.
Nxf6+ Nxf6 9. h3 Bh5 10. Qd2 e6 11. Qc3 Nd5 12. Qb3 Nxe3 13. Qxe3 Be7 14. Qb3 b5
15. Qc3 Qb6 16. O-O O-O 17. Rfe1 a5 18. Qd2 Rfd8 19. c3 b4 20. Rab1 Bg6 21. Bd3
Bxd3 22. Qxd3 Bf6 23. Red1 Rd7 24. Rd2 Rad8 25. Rbd1 bxc3 26. Qxc3 h6 27. b3 Qb4
28. Qxc6 Bxd4 29. Nxd4 Rxd4 30. Rxd4 Rxd4 31. Rxd4 Qxd4 32. Qa8+ Kh7 33. Qxa5
Qa1+ 34. Kh2 Kg6 35. b4 Qe1 36. Qc5 Qa1 37. Qc2+ f5 38. a4 Kf6 39. b5 g5 40. b6
Qe5+ 41. g3 h5 42. b7 {Black resigns} 1-0

[Event "Team 45 45 League T92"]
[Site "Internet Chess Club"]
[Date "2022.04.15"]
[Round "1"]
[White "tightfist"]
[Black "smsxman"]
[Result "1-0"]
[WhiteElo "1458"]
[BlackElo "1337"]
[Opening "Polish (Sokolsky) opening"]
[ECO "A00"]
[Time "12:10:40"]
[PlyCount "23"]
[TimeControl "2700+45"]

1. b4 Nf6 2. Bb2 e6 3. c4 Bxb4 4. Nf3 Be7 5. Nc3 Nc6 6. e3 a6 7. d4 Bb4 8. Bd3
d5 9. O-O Bxc3 10. Bxc3 Ne4 11. Bb2 dxc4 12. Bxe4 {Black resigns} 1-0

[Event "Team 45 45 League T92"]
[Site "Internet Chess Club"]
[Date "2022.04.14"]
[Round "1"]
[White "Rookmaster"]
[Black "elmaestro"]
[Result "0-1"]
[WhiteElo "1499"]
[BlackElo "1686"]
[Opening "Sicilian, Chekhover variation"]
[ECO "B53"]
[Time "19:24:40"]
[PlyCount "74"]
[TimeControl "2700+45"]

1. e4 c5 2. Nf3 d6 3. d4 cxd4 4. Qxd4 Nc6 5. Bb5 Bd7 6. Bxc6 Bxc6 7. Nc3 Nf6 8.
Bg5 h6 9. Bxf6 gxf6 10. O-O-O Qa5 11. Qd3 Rg8 12. g3 a6 13. Nd4 Bd7 14. f4 Rc8
15. a3 b5 16. Nb3 Qd8 17. h3 e6 18. g4 Qc7 19. f5 a5 20. Nd4 b4 21. axb4 axb4
22. Nce2 e5 23. Nb3 Bb5 24. Qxb5+ Ke7 25. Rd2 Rb8 26. Qd5 h5 27. Rhd1 Bh6 28.
gxh5 Rg2 29. Qd3 Rc8 30. c3 Rxe2 31. Qxe2 bxc3 32. Kb1 cxd2 33. Qa6 Qc2+ 34. Ka2
Rc7 35. Qa5 Qc4 36. Qxc7+ Qxc7 37. Nxd2 Bxd2 {White resigns} 0-1

[Event "Team 45 45 League T92"]
[Site "Internet Chess Club"]
[Date "2022.04.16"]
[Round "1"]
[White "burlap"]
[Black "Gojira"]
[Result "1-0"]
[WhiteElo "1313"]
[BlackElo "1510"]
[Opening "Queen's pawn, Mason variation"]
[ECO "D00"]
[Time "09:00:56"]
[PlyCount "32"]
[TimeControl "2700+45"]

1. d4 d5 2. Bf4 c6 3. e3 Qb6 4. Qc1 Bf5 5. Bd3 Bxd3 6. cxd3 Nf6 7. Nd2 e6 8.
Ngf3 Nbd7 9. Ne5 Nh5 10. Nxd7 Kxd7 11. Bg3 Be7 12. Qc2 Rhc8 13. Nf3 Ke8 14. O-O
Nxg3 15. fxg3 Kf8 16. Ne5 f6 {Black resigns} 1-0

[Event "Team 45 45 League T92"]
[Site "Internet Chess Club"]
[Date "2022.04.14"]
[Round "1"]
[White "trogers41"]
[Black "AlWynJones"]
[Result "0-1"]
[WhiteElo "1355"]
[BlackElo "1333"]
[Opening "Sicilian: dragon, classical, Richter variation"]
[ECO "B73"]
[Time "14:00:24"]
[PlyCount "68"]
[TimeControl "2700+45"]

1. e4 c5 2. Nf3 d6 3. d4 cxd4 4. Nxd4 Nf6 5. Nc3 g6 6. Be2 Bg7 7. O-O Nc6 8. Be3
O-O 9. Qd2 Ng4 10. Bxg4 Bxg4 11. Nxc6 bxc6 12. Bh6 Bxh6 13. Qxh6 Qb6 14. b3 Qd4
15. Qh4 Qxc3 16. Qxg4 Qxc2 17. Rfc1 f5 18. Rxc2 fxg4 19. Rxc6 Rf4 20. Re1 Kf7
21. Rc7 Ke6 22. b4 a5 23. b5 Raf8 24. Re2 Rb8 25. a4 d5 26. exd5+ Kxd5 27. Ra2
Rb4 28. g3 Ke6 29. Ra7 Rc8 30. Rxa5 Rc1+ 31. Kg2 Rbb1 32. Ra6+ Kf7 33. f4 Rh1
34. b6 Rbf1 {White resigns} 0-1

[Event "Team 45 45 League T92"]
[Site "Internet Chess Club"]
[Date "2022.04.16"]
[Round "1"]
[White "jcule"]
[Black "CMAlge"]
[Result "1-0"]
[WhiteElo "1332"]
[BlackElo "1227"]
[Opening "King's Indian: fianchetto without c4"]
[ECO "A49"]
[Time "15:56:36"]
[PlyCount "89"]
[TimeControl "2700+45"]

1. d4 Nf6 2. Nf3 g6 3. g3 Bg7 4. Bg2 O-O 5. O-O d6 6. Bg5 Nbd7 7. c4 e5 8. d5 c5
9. Nbd2 h6 10. Bxf6 Nxf6 11. e4 Qe7 12. a3 b6 13. b4 Rb8 14. b5 Kh8 15. a4 Ng8
16. a5 f5 17. Ne1 Nf6 18. Ra3 f4 19. a6 Nh7 20. Ndf3 Ng5 21. Nh4 Kh7 22. g4 Nh3+
23. Bxh3 Qxh4 24. Ng2 Qxh3 25. Rxh3 h5 26. f3 g5 27. Rxh5+ Kg6 28. h4 Bf6 29.
hxg5 Bxg5 30. Kf2 Bd7 31. Rfh1 Be8 32. Rh7 Bf7 33. Nh4+ Kxh7 34. Nf5+ Kg6 35.
Nxd6 Bg8 36. Qa1 Bf6 37. Rh5 Rbd8 38. Nf5 Bxd5 39. cxd5 Rxd5 40. exd5 e4 41. Qh1
Bd4+ 42. Nxd4 cxd4 43. Rh6+ Kg7 44. Qh5 e3+ 45. Ke1 {Black resigns} 1-0

[Event "Team 45 45 League T92"]
[Site "Internet Chess Club"]
[Date "2022.04.15"]
[Round "1"]
[White "primerpaso"]
[Black "bobhill"]
[Result "1-0"]
[WhiteElo "1871"]
[BlackElo "1767"]
[Opening "English: symmetrical variation"]
[ECO "A38"]
[Time "14:04:22"]
[PlyCount "93"]
[TimeControl "2700+45"]

1. c4 c5 2. Nc3 Nc6 3. g3 g6 4. Bg2 Nf6 5. Nf3 Bg7 6. d4 cxd4 7. Nxd4 O-O 8. O-O
Nxd4 9. Qxd4 d6 10. Qh4 Rb8 11. Bg5 Be6 12. Rac1 a6 13. Rfd1 Qa5 14. b3 b5 15.
cxb5 axb5 16. Bd2 Qb6 17. Qb4 Ng4 18. Be1 Rfc8 19. Nd5 Bxd5 20. Bxd5 Rxc1 21.
Rxc1 Bd4 22. Kg2 Nxf2 23. Bxf2 Bxf2 24. Qf4 e6 25. Bxe6 fxe6 26. Qxf2 Qb7+ 27.
Qf3 d5 28. Rf1 e5 29. h4 Re8 30. h5 gxh5 31. Qxh5 d4+ 32. Kh2 Qe7 33. Qg4+ Qg7
34. Qe4 Qh6+ 35. Kg2 Qg6 36. Rf5 Kg7 37. Kf3 Qe6 38. Qg4+ Kh8 39. Qe4 b4 40. g4
h6 41. Kg3 Qg6 42. Rf8+ Kg7 43. Qxg6+ Kxf8 44. Qxh6+ Ke7 45. Kf3 Rf8+ 46. Qxf8+
Kxf8 47. Ke4 {Black resigns} 1-0

[Event "Team 45 45 League T92"]
[Site "Internet Chess Club"]
[Date "2022.04.15"]
[Round "1"]
[White "LookImYourVader"]
[Black "Portola"]
[Result "1-0"]
[WhiteElo "1764"]
[BlackElo "1660"]
[Opening "French: exchange variation"]
[ECO "C01"]
[Time "16:00:41"]
[PlyCount "107"]
[TimeControl "2700+45"]

1. e4 e6 2. d4 d5 3. exd5 exd5 4. c4 Be6 5. Nc3 Nf6 6. Nf3 h6 7. Qb3 b6 8. Be3
Be7 9. Ne5 O-O 10. Rc1 c6 11. h3 Qd6 12. cxd5 Nxd5 13. Bc4 Nxe3 14. fxe3 Bxc4
15. Qxc4 Qf6 16. Ke2 Qg5 17. g4 Bd6 18. Ne4 Qd8 19. Nxd6 Qxd6 20. Rhf1 Qd5 21.
Qxd5 cxd5 22. Nxf7 Nd7 23. Nd6 Nf6 24. Rc7 Rad8 25. Nf5 Rf7 26. Rfc1 Rdd7 27.
Rxd7 Rxd7 28. Ng3 g6 29. Rc6 Kg7 30. Kd3 Re7 31. b3 Kf7 32. a3 Kg7 33. Rc8 Kf7
34. Rh8 Kg7 35. Rd8 Kf7 36. Rc8 Kg7 37. Rc6 Kf7 38. a4 Kg7 39. Ke2 Nh7 40. h4
Kf7 41. h5 gxh5 42. Rxh6 Nf6 43. gxh5 Ng4 44. Rh7+ Kf8 45. Rxe7 Kxe7 46. e4 dxe4
47. Nxe4 Ke6 48. Kd3 Kd5 49. Nc3+ Ke6 50. Kc4 a6 51. Nd5 b5+ 52. axb5 axb5+ 53.
Kc5 Nh6 54. Nc7+ {Black resigns} 1-0

[Event "Team 45 45 League T92"]
[Site "Internet Chess Club"]
[Date "2022.04.17"]
[Round "1"]
[White "Rookmaster"]
[Black "mongmong"]
[Result "0-1"]
[WhiteElo "1483"]
[BlackElo "1512"]
[Opening "French: Two knights variation"]
[ECO "C00"]
[Time "07:00:19"]
[PlyCount "94"]
[TimeControl "2700+45"]

1. e4 e6 2. Nf3 d5 3. Nc3 Nf6 4. e5 Nfd7 5. d4 c5 6. dxc5 Nc6 7. Bf4 Nxc5 8. Bb5
Be7 9. O-O a6 10. Bxc6+ bxc6 11. Nd4 Qb6 12. Qg4 g6 13. Bd2 Nd7 14. Na4 Qc7 15.
f4 c5 16. Nf3 a5 17. Nc3 Nb6 18. b3 Bd7 19. a4 c4 20. Nd4 cxb3 21. Nxb3 Nc4 22.
Nb5 Bxb5 23. axb5 Nxd2 24. Nxd2 Qxc2 25. Qd1 Qxd1 26. Rfxd1 O-O 27. Kf1 Bb4 28.
Nf3 Rfc8 29. b6 Rab8 30. Rac1 Rxc1 31. Rxc1 h6 32. Rc6 a4 33. Nd4 Ba5 34. Nb5
Bxb6 35. Nd6 Be3 36. Ra6 Bxf4 37. Ra7 Rf8 38. Rxa4 Bxe5 39. Nb5 Rb8 40. Na3 Bxh2
41. g4 Bd6 42. Nc2 Rb1+ 43. Ke2 Rb7 44. Ra6 Be5 45. Ne3 Bf4 46. Ng2 Bg5 47. Kd3
Rb4 {White resigns} 0-1

[Event "Team 45 45 League T92"]
[Site "Internet Chess Club"]
[Date "2022.04.18"]
[Round "1"]
[White "fileman"]
[Black "Goli"]
[Result "1-0"]
[WhiteElo "1833"]
[BlackElo "1765"]
[Opening "Robatsch (modern) defense"]
[ECO "B06"]
[Time "14:19:53"]
[PlyCount "171"]
[TimeControl "2700+45"]

1. e4 g6 2. Nf3 Bg7 3. d4 d6 4. h3 Nf6 5. Bd3 O-O 6. O-O c5 7. c3 cxd4 8. cxd4
Nc6 9. Nc3 a6 10. Re1 b5 11. a3 e6 12. Be3 Bb7 13. b4 Rc8 14. Qd2 Re8 15. Rac1
d5 16. e5 Nd7 17. Qa2 Nb6 18. Nd2 Nc4 19. Nb3 Nxe3 20. fxe3 Bh6 21. Nc5 Ba8 22.
Nxa6 Nxd4 23. exd4 Bxc1 24. Rxc1 Qg5 25. Qc2 Qe3+ 26. Kh1 Qxd4 27. Nc5 Qxe5 28.
Nxb5 d4 29. Qf2 Red8 30. Rf1 Qg7 31. a4 Rd5 32. Be4 Rdxc5 33. bxc5 Bxe4 34. Nd6
Bxg2+ 35. Kxg2 Rxc5 36. Ne8 Qf8 37. Nf6+ Kg7 38. Nd7 Rg5+ 39. Kh1 Qa8+ 40. Qf3
Qxf3+ 41. Rxf3 e5 42. Nf6 d3 43. Ne4 Rf5 44. Rxd3 Rf4 45. Re3 f5 46. Nc5 Kf6 47.
a5 Rd4 48. a6 e4 49. a7 Rd1+ 50. Kg2 Ra1 51. Nd7+ Ke7 52. Ne5 Kd6 53. Nc4+ Kc7
54. Ra3 Rxa3 55. Nxa3 Kb7 56. Nb5 e3 57. Kf3 f4 58. h4 h6 59. Nd6+ Kxa7 60. Nf7
g5 61. Nxg5 Kb6 62. Nh3 Kc5 63. Nxf4 Kd4 64. h5 Ke5 65. Kxe3 Kf5 66. Kf3 Kg5 67.
Kg3 Kf5 68. Nh3 Ke5 69. Kg4 Kf6 70. Kf4 Ke6 71. Nf2 Kf6 72. Ne4+ Ke6 73. Ng3 Kf6
74. Nf5 Ke6 75. Nxh6 Kf6 76. Nf5 Kf7 77. Kg5 Kg8 78. Kh6 Kh8 79. Nh4 Kg8 80. Ng6
Kf7 81. Kh7 Kf6 82. h6 Kf7 83. Nh8+ Kf8 84. Kg6 Kg8 85. Nf7 Kf8 86. h7 {Black
resigns} 1-0

[Event "Team 45 45 League T92"]
[Site "Internet Chess Club"]
[Date "2022.04.17"]
[Round "1"]
[White "cysk"]
[Black "MrAbendroth"]
[Result "1/2-1/2"]
[WhiteElo "1737"]
[BlackElo "1625"]
[Opening "French: advance, Euwe variation"]
[ECO "C02"]
[Time "04:08:37"]
[PlyCount "75"]
[TimeControl "2700+45"]

1. e4 e6 2. d4 d5 3. e5 c5 4. c3 Bd7 5. Nf3 Nc6 6. Be2 Rc8 7. O-O Qb6 8. dxc5
Bxc5 9. Nbd2 Qc7 10. Nb3 Nxe5 11. Nxe5 Qxe5 12. Nxc5 Rxc5 13. Be3 Rc8 14. Bxa7
Qc7 15. Bd4 e5 16. Be3 Nf6 17. Bg5 Be6 18. Bb5+ Ke7 19. a4 h6 20. Bxf6+ gxf6 21.
Re1 Rcd8 22. Re3 Rhg8 23. Rg3 Rxg3 24. hxg3 Rg8 25. Rc1 Qc5 26. b4 Qb6 27. Qf3
Rg5 28. Qe3 Qxe3 29. fxe3 Rxg3 30. Kf2 Rg5 31. c4 Rf5+ 32. Kg3 Rg5+ 33. Kh2 d4
34. exd4 exd4 35. c5 Bd5 36. Re1+ Re5 37. Rd1 Re4 38. Bd3 {Game drawn by mutual
agreement} 1/2-1/2

[Event "Team 45 45 League T92"]
[Site "Internet Chess Club"]
[Date "2022.04.18"]
[Round "1"]
[White "Egmont"]
[Black "LoseOften"]
[Result "0-1"]
[WhiteElo "1569"]
[BlackElo "1549"]
[Opening "Nimzo-Indian: Sämisch variation"]
[ECO "E27"]
[Time "04:00:09"]
[PlyCount "80"]
[TimeControl "2700+45"]

1. d4 Nf6 2. c4 e6 3. Nc3 Bb4 4. a3 Bxc3+ 5. bxc3 O-O 6. f3 c5 7. e4 d6 8. Nh3
h6 9. Nf2 Nc6 10. Be3 Qa5 11. Qd2 b6 12. Bd3 Qa4 13. Nd1 Na5 14. Nb2 Qc6 15. O-O
Nb3 16. Qd1 Nxa1 17. Qxa1 e5 18. d5 Qd7 19. Qc1 Qb7 20. g4 Nh7 21. h4 Qe7 22. g5
hxg5 23. hxg5 g6 24. f4 f6 25. fxe5 dxe5 26. gxf6 Rxf6 27. Rxf6 Qxf6 28. Qf1
Qxf1+ 29. Bxf1 Nf6 30. Bg2 Ba6 31. Kf2 Kf7 32. Ke2 Rh8 33. Bf2 Ne8 34. Bg3 Kf6
35. Ke3 Nd6 36. Kd3 Re8 37. Bh3 Bc8 38. Bg2 Rh8 39. Nd1 Bh3 40. Bf3 Bf1+ {White
resigns} 0-1

[Event "Team 45 45 League T92"]
[Site "Internet Chess Club"]
[Date "2022.04.14"]
[Round "1"]
[White "oldsj"]
[Black "gduranko"]
[Result "1-0"]
[WhiteElo "1459"]
[BlackElo "1487"]
[Opening "Sicilian: Hungarian variation"]
[ECO "B34"]
[Time "09:00:51"]
[PlyCount "89"]
[TimeControl "2700+45"]

1. e4 c5 2. Nf3 g6 3. d4 cxd4 4. Nxd4 Nc6 5. Be3 Nf6 6. Nc3 Bg7 7. f3 O-O 8. Qd2
d5 9. Nxc6 bxc6 10. e5 Nd7 11. f4 f5 12. O-O-O a5 13. h4 e6 14. h5 Re8 15. hxg6
hxg6 16. g4 Ba6 17. Qh2 Kf7 18. gxf5 exf5 19. Bd4 Rh8 20. Qg2 Nf8 21. Rxh8 Bxh8
22. Qh3 Ne6 23. Qh7+ Bg7 24. Bxa6 Rxa6 25. Qh2 Nxd4 26. Rxd4 Rb6 27. Na4 Rb4 28.
Rxb4 axb4 29. Nc5 Qe7 30. Qf2 Bf8 31. e6+ Kg8 32. Nd7 Qxe6 33. Nxf8 Kxf8 34. a4
bxa3 35. bxa3 Qd6 36. Kb2 c5 37. a4 Qb6+ 38. Kc1 Qb4 39. Kd1 Kf7 40. Qg2 Qd4+
41. Kc1 Qxf4+ 42. Kb1 Qb4+ 43. Kc1 Qe4 44. Qxe4 fxe4 45. a5 {Black resigns} 1-0

[Event "Team 45 45 League T92"]
[Site "Internet Chess Club"]
[Date "2022.04.14"]
[Round "1"]
[White "OGO"]
[Black "BrerRabbit"]
[Result "0-1"]
[WhiteElo "1207"]
[BlackElo "1414"]
[Opening "QGD Slav defense"]
[ECO "D10"]
[Time "15:01:05"]
[PlyCount "30"]
[TimeControl "2700+45"]

1. d4 d5 2. c4 c6 3. Nc3 Nf6 4. e3 a6 5. Nf3 Bf5 6. Bd3 Bxd3 7. Qxd3 e6 8. O-O
Nbd7 9. Bd2 Bd6 10. c5 Bc7 11. Rfe1 O-O 12. e4 dxe4 13. Nxe4 Nxe4 14. Rad1 Nxd2
15. Rxd2 Ba5 {White resigns} 0-1

[Event "Team 45 45 League T92"]
[Site "Internet Chess Club"]
[Date "2022.04.17"]
[Round "1"]
[White "jcule"]
[Black "tamky70"]
[Result "1-0"]
[WhiteElo "1346"]
[BlackElo "1270"]
[Opening "Dutch"]
[ECO "A80"]
[Time "16:00:36"]
[PlyCount "101"]
[TimeControl "2700+45"]

1. d4 f5 2. Nf3 Nf6 3. Bg5 g6 4. c4 d6 5. Bxf6 exf6 6. Nc3 Bg7 7. Qd3 O-O 8. e3
a6 9. Be2 Re8 10. O-O Nd7 11. b4 Nf8 12. Rac1 c6 13. Bd1 Bd7 14. Bb3 Kh8 15. c5
dxc5 16. bxc5 Be6 17. Rfd1 Bxb3 18. axb3 Ne6 19. Qc4 Nc7 20. h3 Nd5 21. Nxd5
Qxd5 22. Qxd5 cxd5 23. b4 Rec8 24. Nd2 Rc6 25. f4 Bf8 26. Kf2 Rac8 27. Nb3 R8c7
28. Kf3 Kg7 29. g4 Re6 30. gxf5 gxf5 31. Rg1+ Kh8 32. Rg2 Rg7 33. Rxg7 Bxg7 34.
Na5 Re7 35. Rb1 Rc7 36. b5 axb5 37. Rxb5 Bf8 38. Nxb7 Kg7 39. Rb6 Be7 40. Nd6
Kh6 41. Nxf5+ Kg6 42. Nxe7+ Rxe7 43. Rd6 Rc7 44. Rxd5 h6 45. Rd6 h5 46. h4 Ra7
47. c6 Rc7 48. d5 Rc8 49. Rd7 f5 50. c7 Kf6 51. d6 {Black resigns} 1-0

[Event "Team 45 45 League T92"]
[Site "Internet Chess Club"]
[Date "2022.04.14"]
[Round "1"]
[White "Gojira"]
[Black "smsxman"]
[Result "1-0"]
[WhiteElo "1536"]
[BlackElo "1349"]
[Opening "Queen's pawn, Mason variation"]
[ECO "D00"]
[Time "22:01:51"]
[PlyCount "47"]
[TimeControl "2700+45"]

1. d4 d5 2. Bf4 e6 3. Nf3 Nf6 4. e3 Be7 5. Bd3 c5 6. c3 Nc6 7. Nbd2 Bd7 8. Ne5
c4 9. Bc2 b5 10. g4 h6 11. b3 a5 12. bxc4 dxc4 13. Rb1 Nxe5 14. Bxe5 Rg8 15. e4
Nh7 16. a4 Bf6 17. Bxf6 Nxf6 18. axb5 Rb8 19. Nxc4 Rxb5 20. Nd6+ Kf8 21. Nxb5
Qa8 22. f3 Ke7 23. Ba4 Qc6 24. Qd3 {Black resigns} 1-0

[Event "Team 45 45 League T92"]
[Site "Internet Chess Club"]
[Date "2022.04.16"]
[Round "1"]
[White "g8wrb"]
[Black "seldredg"]
[Result "0-1"]
[WhiteElo "1311"]
[BlackElo "1292"]
[Opening "Sicilian: Alapin's variation (2.c3)"]
[ECO "B22"]
[Time "15:01:41"]
[PlyCount "70"]
[TimeControl "2700+45"]

1. e4 c5 2. c3 g6 3. Nf3 a6 4. Bc4 e6 5. O-O Be7 6. Qe2 Nf6 7. Rd1 d6 8. d4 b5
9. Bb3 c4 10. Bc2 O-O 11. e5 Nd5 12. Be4 Bb7 13. b3 Qc7 14. bxc4 bxc4 15. Ba3
Rd8 16. Bxd5 Bxd5 17. Nbd2 Nd7 18. exd6 Bxd6 19. Bxd6 Qxd6 20. Nxc4 Qc6 21. Nce5
Nxe5 22. Qxe5 Bxf3 23. gxf3 Qxc3 24. Qe3 Qa5 25. Rd2 Rd5 26. f4 Rad8 27. Rad1
Kg7 28. Kg2 R8d6 29. h4 h5 30. a3 Qc7 31. a4 Rc6 32. Qe2 a5 33. Kg3 Rc1 34. Rb2
Rxd1 35. Qxd1 Qc3+ {White resigns} 0-1

[Event "Team 45 45 League T92"]
[Site "Internet Chess Club"]
[Date "2022.04.15"]
[Round "1"]
[White "Fulmar"]
[Black "SeniorCitizen"]
[Result "0-1"]
[WhiteElo "1250"]
[BlackElo "1311"]
[Opening "Queen's pawn game, Rubinstein (Colle-Zukertort) variation"]
[ECO "D05"]
[Time "13:00:39"]
[PlyCount "126"]
[TimeControl "2700+45"]

1. d4 d5 2. Nf3 e6 3. e3 Nf6 4. Bd3 c5 5. b3 cxd4 6. exd4 b6 7. Bb2 Be7 8. O-O
O-O 9. Nbd2 Nbd7 10. Ne5 Bb7 11. Qe2 a6 12. f4 Nxe5 13. fxe5 Ne8 14. Rf3 g6 15.
Raf1 f5 16. Rh3 Nc7 17. Rff3 Rf7 18. Qf2 Qd7 19. Bc1 Bf8 20. Nf1 Nb5 21. Bh6
Bxh6 22. Rxh6 Raf8 23. Qh4 Qe7 24. Qxe7 Rxe7 25. Bxb5 axb5 26. Rf2 Kg7 27. Rh3
Rc8 28. c3 Rec7 29. Rff3 Rf8 30. b4 Rcf7 31. Rd3 Rc7 32. Kf2 Ra8 33. Rd2 Bc6 34.
Ke3 Rca7 35. Kd3 Rxa2 36. Rxa2 Rxa2 37. g3 h6 38. Ne3 Ra3 39. g4 Bd7 40. gxf5
gxf5 41. Rg3+ Kh7 42. Rg2 Ra8 43. h4 Be8 44. Nf1 Bf7 45. Rh2 Rg8 46. Rh3 Bh5 47.
Nh2 Rg1 48. Ke3 Rg2 49. Nf1 Re2+ 50. Kd3 Ra2 51. Ng3 Be8 52. Ke3 Ra1 53. Kf4 Rc1
54. Ne2 Rc2 55. Rh2 Bh5 56. Ke3 Bxe2 57. Rxe2 Rxc3+ 58. Kd2 Rh3 59. Ke1 Rxh4 60.
Rd2 Re4+ 61. Kf2 h5 62. Kg3 Kh6 63. Rg2 Rxd4 {White resigns} 0-1

[Event "Team 45 45 League T92"]
[Site "Internet Chess Club"]
[Date "2022.04.18"]
[Round "1"]
[White "grekor"]
[Black "CMAlge"]
[Result "0-1"]
[WhiteElo "1143"]
[BlackElo "1240"]
[Opening "Queen's pawn game"]
[ECO "D00"]
[Time "17:13:33"]
[PlyCount "68"]
[TimeControl "2700+45"]

1. d4 Nf6 2. Nc3 d5 3. Bf4 g6 4. e3 Bg7 5. Bd3 O-O 6. Nf3 c5 7. Nb5 Na6 8. dxc5
Ne4 9. Bxe4 dxe4 10. Qxd8 Rxd8 11. Nd2 Bd7 12. Nc3 Bxc3 13. bxc3 Nxc5 14. Rb1 b5
15. O-O Be6 16. Rfd1 a6 17. a3 Na4 18. Nxe4 Bf5 19. Rxd8+ Rxd8 20. f3 Bxe4 21.
fxe4 Nxc3 22. Rb3 Nxe4 23. Rd3 Rxd3 24. cxd3 Nc5 25. d4 Ne4 26. g3 a5 27. Kf1 g5
28. Bc7 b4 29. d5 b3 30. Be5 Nd6 31. Ke2 Nc4 32. Kd3 Nxe5+ 33. Kc3 a4 34. Kb2 g4
{White resigns} 0-1

[Event "Team 45 45 League T92"]
[Site "Internet Chess Club"]
[Date "2022.04.13"]
[Round "1"]
[White "QuieroAprender"]
[Black "manfredo"]
[Result "1-0"]
[WhiteElo "1607"]
[BlackElo "1526"]
[Opening "Two knights defense (Modern bishop's opening)"]
[ECO "C55"]
[Time "13:01:35"]
[PlyCount "101"]
[TimeControl "2700+45"]

1. e4 e5 2. Nf3 Nc6 3. Bc4 Nf6 4. d3 Be7 5. c3 O-O 6. Bb3 d5 7. Qe2 dxe4 8. dxe4
b6 9. Nbd2 a5 10. Nf1 Ba6 11. Bc4 Bxc4 12. Qxc4 Qd6 13. Ng3 Qe6 14. Qe2 Bc5 15.
Nf5 Ng4 16. O-O Ne7 17. Ng5 Qg6 18. Qxg4 h6 19. Nxf7 Kxf7 20. Qxg6+ Nxg6 21. Be3
Bxe3 22. Nxe3 Rad8 23. Rad1 Nf4 24. Nd5 Nxd5 25. Rxd5 c6 26. Rxe5 g6 27. f4 Kf6
28. h4 Rd2 29. Rf2 Rfd8 30. g4 Rxf2 31. Kxf2 Rd2+ 32. Ke3 Rxb2 33. Re8 Rxa2 34.
Rc8 a4 35. Rxc6+ Kf7 36. Rxb6 a3 37. Kd4 Rd2+ 38. Ke5 a2 39. Rb7+ Ke8 40. Ra7
Rb2 41. c4 Rc2 42. Ke6 Kf8 43. Kf6 Ke8 44. Kxg6 Rxc4 45. Rxa2 Rxe4 46. Kxh6 Rxf4
47. Kg5 Rb4 48. Rf2 Rb5+ 49. Rf5 Rb6 50. h5 Rb7 51. h6 {Black resigns} 1-0

[Event "Team 45 45 League T92"]
[Site "Internet Chess Club"]
[Date "2022.04.17"]
[Round "1"]
[White "dalmata"]
[Black "mongmong"]
[Result "1/2-1/2"]
[WhiteElo "1563"]
[BlackElo "1514"]
[Opening "Nimzo-Indian: three knights variation"]
[ECO "E21"]
[Time "12:16:01"]
[PlyCount "50"]
[TimeControl "2700+45"]

1. d4 e6 2. c4 Nf6 3. Nc3 Bb4 4. Nf3 Bxc3+ 5. bxc3 d6 6. Bg5 Nbd7 7. e3 h6 8.
Bh4 Qe7 9. Bd3 e5 10. dxe5 Nxe5 11. Nxe5 Qxe5 12. Bxf6 Qxf6 13. Qa4+ Bd7 14. Qb3
b6 15. O-O O-O 16. Be4 Rab8 17. Rfd1 Bf5 18. Bxf5 Qxf5 19. Rd5 Qf6 20. Rad1 Rfe8
21. Qc2 Re5 22. a4 a5 23. R1d4 Rbe8 24. Rxe5 Qxe5 25. Rd5 Qe4 {Game drawn by
mutual agreement} 1/2-1/2

[Event "Team 45 45 League T92"]
[Site "Internet Chess Club"]
[Date "2022.04.16"]
[Round "1"]
[White "julesraider"]
[Black "fvafier"]
[Result "1-0"]
[WhiteElo "1607"]
[BlackElo "1511"]
[Opening "QGD Slav: 4.e3"]
[ECO "D11"]
[Time "16:00:23"]
[PlyCount "59"]
[TimeControl "2700+45"]

1. d4 d5 2. c4 c6 3. Nf3 Nf6 4. e3 e6 5. Be2 Nbd7 6. O-O dxc4 7. Bxc4 b5 8. Be2
a6 9. Qc2 c5 10. a4 b4 11. a5 Bb7 12. Nbd2 Rc8 13. Nc4 cxd4 14. exd4 Nd5 15. Bg5
N7f6 16. Nfe5 Be7 17. Qa4+ Nd7 18. Nd6+ Bxd6 19. Bxd8 Rxd8 20. Bf3 f6 21. Nc4
Be7 22. Rfe1 Rc8 23. Nb6 Bc6 24. Rac1 Bxa4 25. Rxc8+ Bd8 26. Bxd5 Nxb6 27. axb6
Kd7 28. Bxe6+ Kd6 29. b7 Bc7 30. Rxh8 {Black resigns} 1-0

[Event "Team 45 45 League T92"]
[Site "Internet Chess Club"]
[Date "2022.04.15"]
[Round "1"]
[White "Denis240964"]
[Black "Toalla"]
[Result "1-0"]
[WhiteElo "1353"]
[BlackElo "1123"]
[Opening "Sicilian: Canal-Sokolsky attack, 3...Bd7"]
[ECO "B52"]
[Time "13:05:16"]
[PlyCount "85"]
[TimeControl "2700+45"]

1. e4 c5 2. Nf3 d6 3. Bb5+ Bd7 4. Bxd7+ Nxd7 5. c3 e5 6. O-O Be7 7. d4 Ngf6 8.
Re1 O-O 9. Bg5 h6 10. Bh4 g5 11. Bg3 Nh5 12. dxe5 Nxg3 13. hxg3 Nxe5 14. Qb3
Nxf3+ 15. gxf3 Qd7 16. Kg2 Rab8 17. Nd2 b5 18. Rh1 Kg7 19. Rad1 c4 20. Qc2 Qe6
21. Rhe1 Qg6 22. Nf1 Rfe8 23. Ne3 Rbd8 24. Rd5 a6 25. Nf5+ Kh7 26. Qd2 Bf8 27.
Rd1 Re6 28. Qd4 Qf6 29. Qa7 Re5 30. Qxa6 Rxd5 31. Rxd5 b4 32. Qxc4 bxc3 33. bxc3
Bg7 34. Nxg7 Kxg7 35. Rf5 Qe6 36. Qd4+ f6 37. Rd5 Rd7 38. c4 Kf7 39. c5 Ke7 40.
cxd6+ Qxd6 41. Rxd6 Rxd6 42. Qc5 Ke6 43. a4 {Black resigns} 1-0